 Dungeon Crawl Stone Soup version 0.26-b1-32-g5d43845318 (webtiles) character file.

Game seed: 2595397566455794444

75775 Borgoz the Basher (level 15, -2/97 HPs)
             Began as a Gargoyle Gladiator on Jan 12, 2021.
             Slain by a white very ugly thing (12 damage)
             ... on level 2 of the Abyss.
             The game lasted 00:28:35 (17597 turns).

Borgoz the Basher (Gargoyle Gladiator)             Turns: 17597, Time: 00:28:35

Health: -2/97      AC: 27    Str: 20    XL:     15   Next: 51%
Magic:  0/17       EV: 16    Int: 10    God:
Gold:   1437       SH:  5    Dex: 14    Spells: 16/16 levels left

rFire    . . .     SeeInvis .   R - +2 morningstar "Duatuw" {vorpal, rC+ Stlth+}
rCold    + + .     Faith    .   g - +0 buckler
rNeg     + . .     Spirit   +   v - +2 scale mail {rC+}
rPois    ∞         Reflect  .   c - +0 helmet
rElec    +         Harm     .   (no cloak)
rCorr    +         Rampage  .   p - +0 pair of gloves
Will     ++...                  B - +0 pair of boots
Stlth    ++........             o - amulet of guardian spirit
HPRegen  0.26/turn              z - ring of resist corrosion
MPRegen  0.15/turn              x - ring of willpower

@: about to teleport, flying
A: big wings, negative energy resistance 1, electricity resistance, unbreathing,
petrification resistance, miasma immunity, AC +11
a: Stop Flying


You were on level 2 of the Abyss.
You visited 2 branches of the dungeon, and saw 15 of its levels.
You visited the Abyss 1 time.
You also visited: Bailey.

You collected 1570 gold pieces.
You spent 133 gold pieces at shops.

Inventory:

Hand Weapons
 R - the +2 morningstar "Duatuw" (weapon) {vorpal, rC+ Stlth+}
   (You found it on level 13 of the Dungeon)

   It inflicts extra damage upon your enemies.
   It protects you from cold.
   It makes you more stealthy.
Missiles
 w - 3 throwing nets (quivered)
Armour
 c - a +0 helmet (worn)
 g - a +0 buckler (worn)
 p - a +0 pair of gloves (worn)
 u - a +0 troll leather armour
 v - a +2 scale mail of cold resistance (worn)
 B - a +0 pair of boots (worn)
 I - +0 ice dragon scales
Jewellery
 o - an amulet of guardian spirit (around neck)
 q - a +4 ring of protection
 x - a ring of willpower (right hand)
 z - a ring of resist corrosion (left hand)
 F - an uncursed ring of fire
 M - an uncursed ring of ice
Wands
 a - a wand of flame (31)
 e - a wand of paralysis (6)
 K - a wand of digging (11)
 P - a wand of disintegration (27)
 Q - a wand of acid (8)
Scrolls
 d - a scroll of identify
 n - 4 scrolls of magic mapping
 r - 13 scrolls of teleportation
 t - 8 scrolls of remove curse
 y - a scroll of fog {unknown}
 A - a scroll of vulnerability {unknown}
 C - a scroll of fear {unknown}
 D - 2 scrolls of enchant armour
 E - 2 scrolls of enchant weapon {unknown}
 H - a scroll of immolation {unknown}
 J - a scroll of silence {unknown}
 L - a scroll of acquirement {unknown}
 N - a scroll of brand weapon {unknown}
 O - a scroll of blinking {unknown}
Potions
 b - 6 potions of ambrosia
 f - 2 potions of magic
 h - 2 potions of brilliance
 i - 4 potions of curing
 j - 2 potions of haste {unknown}
 l - 2 potions of berserk rage {unknown}
 s - a potion of heal wounds
 G - a potion of cancellation
 S - a potion of resistance {unknown}


   Skills:
 * Level 12.3 Fighting
 + Level 14.2 Maces & Flails
 - Level 1.7 Throwing
 * Level 12.1 Armour
 * Level 9.9 Dodging
 - Level 2.0 Stealth
 + Level 3.6 Shields
 - Level 1.3 Spellcasting
 - Level 1.5 Evocations


You had 16 spell levels left.
You didn't know any spells.
Your spell library contained the following spells:

 Spells                   Type           Power        Failure   Level
 Animate Skeleton         Necr           0%           61%         1
 Apportation              Tloc           0%           61%         1
 Corona                   Hex            0%           61%         1
 Foxfire                  Conj/Fire      0%           61%         1
 Sting                    Tmut/Pois      0%           61%         1
 Summon Small Mammal      Summ           0%           61%         1
 Poisonous Vapours        Pois/Air       0%           75%         2
 Conjure Flame            Conj/Fire      0%           93%         3
 Ignite Poison            Fire/Tmut/Pois 0%           93%         3
 Inner Flame              Hex/Fire       0%           93%         3
 Mephitic Cloud           Conj/Pois/Air  0%           93%         3
 Olgreb's Toxic Radiance  Pois           0%           100%        4
 Sticky Flame             Conj/Fire      0%           100%        4
 Summon Ice Beast         Ice/Summ       0%           100%        4
 Fireball                 Conj/Fire      0%           100%        5
 Freezing Cloud           Conj/Ice/Air   0%           100%        6
 Starburst                Conj/Fire      0%           100%        6
 Spellforged Servitor     Conj/Summ      0%           100%        7


Dungeon Overview and Level Annotations

Branches:
Dungeon (14/15)            Temple (1/1) D:4            Lair (0/6) D:11
    Orc (0/2) D:11         Bailey (visited)
 Vaults: D:13-14

Altars:
Ashenzari
Cheibriados
Dithmenos
Elyvilon
Fedhas
Gozag
Hepliaklqana
Kikubaaqudgha
Makhleb
Nemelex Xobeh
Okawaru
Qazlal
Ru
Sif Muna
Trog
Uskayaw
Vehumet
Wu Jian
Xom
Yredelemnul
Zin
The Shining One

Shops:
D:9 ?   D:10 :

Portals:
Trove: D:10 (give +2 gold dragon scales)

Annotations:
D:11 2 transporters, Zouniz Rihu's ghost, novice DDFi
D:14 Louise


Innate Abilities, Weirdness & Mutations

You are resistant to torment.
Your stone body is resilient. (AC +11)
You are immune to poison.
Your large and strong wings let you fly indefinitely.
You resist negative energy. (rN+)
You are resistant to electric shocks. (rElec)
You can survive without breathing.
You are immune to petrification.
You are immune to miasma.


Message History

You hit the brown very ugly thing.
You kill the brown very ugly thing!
The white very ugly thing misses you.
The cyan ugly thing basks in the mutagenic energy from its kin and changes!
You closely miss the brown very ugly thing.
The brown very ugly thing is moderately wounded.
The brown very ugly thing engulfs you but does no damage.
The white ugly thing pecks you but does no damage.
The white very ugly thing tentacle-slaps you!
* * * LOW HITPOINT WARNING * * *
The white very ugly thing freezes you! You resist.
* * * LOW HITPOINT WARNING * * *
You impale the brown very ugly thing!!
The brown very ugly thing is heavily wounded.
The brown very ugly thing misses you.
The white ugly thing pecks you but does no damage.
The white very ugly thing tentacle-slaps you.
* * * LOW HITPOINT WARNING * * *
The white very ugly thing freezes you! You resist.
You die...

## #♣ .#
.♣♣ .#
###.# ..#
#u#. $...
.. u ..
#..#.
u#..#uu##
♣ # ..
#@#.# #
♣♣ #...
#u#..#...
♣ ...u.##
.. .♣ #
..##.. #
. ♣ ##...
. .#.
.#.. ###.
≈. ....
.♣ # ..
#... ♣ #
..)
#.#..♣
##≈≈ ##.
#.. #


You could see 2 very ugly things and 2 ugly things.

Vanquished Creatures
  A very ugly thing (Abyss:2)
  An ice dragon (D:10)
  2 centaur warriors (D:13)
  3 boulder beetles
  A hydra (D:10)
  4 two-headed ogres
  2 tengu warriors
  A thrashing horror (Abyss:2)
  An unseen horror (D:12)
  A wolf spider zombie (D:13)
  5 ugly things
  A centaur zombie (D:12)
  2 manticores
  A cyclops (D:10)
  4 gargoyles
  Maggie (D:9)
  3 centaur skeletons
  An efreet (Abyss:2)
  A kobold demonologist (D:13)
  A queen bee (D:11)
  3 polar bears
  Prince Ribbit (D:5)
  2 trolls
  A shadow (D:9)
  A vampire (D:14)
  A wyvern (D:9)
  A wraith (D:12)
  13 yaks
  A basilisk (D:12)
  Edmund (D:4)
  Menkaure (D:5)
  A soldier ant (D:11)
  A water moccasin (D:8)
  An acid dragon (D:11)
  2 phantoms
  6 ice beasts
  2 sky beasts
  8 ogres
  A necrophage (D:11)
  19 orc warriors
  3 black bears
  3 wolves (D:8)
  17 centaurs
  4 big kobolds
  7 bullfrogs
  A gnoll sergeant (D:10)
  2 scorpions
  34 killer bees
  An electric eel (D:9)
  8 howler monkeys
  9 wights
  A crimson imp (D:4)
  A small abomination (Abyss:2)
  A wyvern simulacrum (D:9)
  A bullfrog skeleton (D:8)
  6 hounds
  3 jellies
  8 orc priests
  10 orc wizards
  4 iguanas
  6 worker ants
  A bullfrog simulacrum (D:9)
  A centaur simulacrum (D:9)
  8 gnolls
  12 adders
  A howler monkey skeleton (D:11)
  A shadow imp (D:10)
  8 white imps
  3 ufetubi
  3 oozes
  2 adder skeletons (D:9)
  4 worms
  3 leopard geckos
  73 orcs
  A ball python (D:3)
  3 bats
  3 giant cockroaches
  10 goblins
  11 hobgoblins
  12 jackals
  11 quokkas
  6 frilled lizards
  A jackal zombie (D:8)
  17 kobolds
  An orc skeleton (Abyss:2)
  2 quokka skeletons
  6 rats
438 creatures vanquished.

Vanquished Creatures (others)
  5 fungi (D:11)
  28 plants
33 creatures vanquished.

Grand Total: 471 creatures vanquished

Notes
Turn   | Place    | Note
-------+----------+-------------------------------------------
     0 | D:1      | Borgoz the Gargoyle Gladiator began the quest for the Orb.
     0 | D:1      | Reached XP level 1. HP: 12/12 MP: 1/1
   410 | D:1      | Reached XP level 2. HP: 18/18 MP: 2/2
   775 | D:1      | Reached skill level 1 in Armour
   948 | D:1      | Reached XP level 3. HP: 22/22 MP: 3/3
  2008 | D:2      | Reached XP level 4. HP: 27/27 MP: 4/4
  2202 | D:3      | Reached skill level 4 in Maces & Flails
  2451 | D:3      | Reached XP level 5. HP: 25/32 MP: 5/5
  2884 | D:4      | Noticed Edmund
  2982 | D:4      | Reached XP level 6. HP: 25/37 MP: 6/6
  3143 | D:4      | Reached skill level 5 in Maces & Flails
  3483 | D:4      | Reached XP level 7. HP: 15/43 MP: 7/7
  3741 | D:4      | Killed Edmund
  4156 | D:4      | Found a staircase to the Ecumenical Temple.
  4180 | Temple   | Entered the Ecumenical Temple
  4376 | D:5      | Entered Level 5 of the Dungeon
  4381 | D:5      | Found a white marble altar of Elyvilon.
  4382 | D:5      | Noticed Menkaure
  4391 | D:5      | Killed Menkaure
  4392 | D:5      | Reached skill level 6 in Maces & Flails
  4599 | D:5      | Reached XP level 8. HP: 48/48 MP: 8/8
  4650 | D:5      | Reached skill level 5 in Fighting
  4974 | D:5      | Noticed Prince Ribbit
  5016 | D:5      | Killed Prince Ribbit
  5017 | D:5      | Reached skill level 7 in Maces & Flails
  5132 | D:5      | Found a basalt altar of Yredelemnul.
  5220 | D:5      | Found a white marble altar of Elyvilon.
  5627 | D:6      | Found a basalt altar of Yredelemnul.
  5698 | D:6      | Reached skill level 5 in Armour
  6047 | D:6      | Reached XP level 9. HP: 50/55 MP: 9/9
  6243 | D:7      | Reached skill level 8 in Maces & Flails
  6506 | D:7      | Reached skill level 5 in Dodging
  6666 | D:7      | Found a shimmering altar of Xom.
  6838 | D:8      | Found a glowing silver altar of Zin.
  6838 | D:8      | Found an iron altar of Okawaru.
  6856 | D:8      | Found a glowing golden altar of the Shining One.
  6856 | D:8      | Found a blossoming altar of Fedhas.
  6858 | D:8      | Found an opulent altar of Gozag.
  6876 | D:8      | Found a sacrificial altar of Ru.
  6896 | D:8      | Identified the Reference Book on the Blistering Escort
  7517 | D:8      | Reached skill level 9 in Maces & Flails
  7571 | D:9      | Noticed a polar bear
  7584 | D:8      | Reached XP level 10. HP: 51/63 MP: 10/10
  8152 | D:9      | Reached skill level 10 in Maces & Flails
  8284 | D:9      | Noticed Maggie
  8301 | D:9      | Killed Maggie
  9058 | D:9      | Found Baru's Magic Scroll Shoppe.
  9088 | D:9      | Bought a scroll of identify for 28 gold pieces
  9088 | D:9      | Bought a scroll of identify for 28 gold pieces
  9088 | D:9      | Bought a scroll of magic mapping for 49 gold pieces
  9088 | D:9      | Bought a scroll of identify for 28 gold pieces
  9112 | D:9      | Reached XP level 11. HP: 56/69 MP: 8/11
  9758 | D:10     | Entered Level 10 of the Dungeon
  9929 | D:10     | Reached skill level 11 in Maces & Flails
 10168 | D:10     | Noticed a two-headed ogre
 10169 | D:10     | Noticed a cyclops
 10182 | D:10     | Killed a two-headed ogre
 10187 | D:10     | Killed a cyclops
 10791 | D:10     | Found a portal to a secret trove of treasure.
 10964 | D:10     | Noticed an ice dragon
 10980 | D:10     | Killed an ice dragon
 11428 | D:10     | Found Zodaqam's Book Boutique.
 11456 | D:11     | Noticed a seven-headed hydra
 11456 | D:11     | Noticed a brown ugly thing
 11456 | D:11     | Noticed a boulder beetle
 11468 | D:10     | Killed a brown ugly thing
 11509 | D:10     | Killed a seven-headed hydra
 11724 | D:10     | Killed a boulder beetle
 11725 | D:10     | Reached skill level 12 in Maces & Flails
 12026 | D:11     | Noticed a manticore
 12037 | D:11     | Reached XP level 12. HP: 60/76 MP: 9/12
 12730 | D:11     | Found a staircase to the Orcish Mines.
 12827 | D:11     | Reached skill level 10 in Fighting
 13134 | D:11     | Found a staircase to the Lair.
 13180 | D:11     | Found a transporter.
 13206 | D:11     | Noticed Zouniz Rihu's ghost (novice DDFi)
 13225 | D:11     | Found a transporter.
 13336 | D:11     | Noticed a boulder beetle
 13346 | D:11     | Killed a boulder beetle
 13535 | D:12     | Found a flagged portal.
 13584 | Bailey   | Entered a bailey
 13877 | Bailey   | Reached skill level 13 in Maces & Flails
 13900 | Bailey   | Reached skill level 10 in Armour
 15345 | D:13     | Found a burning altar of Makhleb.
 15359 | D:13     | Got a slimy morningstar
 15360 | D:13     | Identified the +2 morningstar "Duatuw" {vorpal, rC+ Stlth+}
                  | (You found it on level 13 of the Dungeon)
 15491 | D:13     | Noticed a tengu warrior
 15491 | D:13     | Noticed a tengu warrior
 15491 | D:13     | Noticed a two-headed ogre
 15506 | D:12     | Killed a two-headed ogre
 15514 | D:12     | Killed a tengu warrior
 15515 | D:12     | Reached skill level 1 in Shields
 15515 | D:12     | Reached XP level 13. HP: 35/83 MP: 7/13
 17267 | D:14     | Reached skill level 1 in Spellcasting
 17267 | D:14     | Reached skill level 1 in Evocations
 17267 | D:14     | Gained mutation: Your large and strong wings let you fly
                  | indefinitely. [Gargoyle growth]
 17267 | D:14     | Reached XP level 14. HP: 84/91 MP: 13/16
 17268 | D:14     | Reached skill level 14 in Maces & Flails
 17268 | D:14     | Reached XP level 15. HP: 89/96 MP: 13/17
 17386 | D:14     | Noticed Louise
 17388 | D:14     | Cast into level 2 of the Abyss (Louise)
 17597 | Abyss:2  | Slain by a white very ugly thing

Illustrated notes

Levels and vault maps discovered:
D:1:      dpeg_arrival_ternary, layout_basic, serial_co_window_serial,
          co_window_paths_b, co_window_corner_a, co_window_paths_a,
          co_window_corner_a, co_window_paths_b, co_window_broadway_a,
          co_window_of_opportunity_b, co_window_corner_ca, co_window_cross_2,
          co_window_2corner, glass_columns_a
D:2:      layout_basic, dk_vineyard_2, kennysheep_generic_room_13
D:3:      layout_rooms
D:4:      layout_loops_ring, minmay_temple_entry_enclosed_plants,
          minmay_fire_ice_demons, uniq_edmund
D:5:      layout_cave_pools, kennysheep_ying_yang, kennysheep_donut,
          elyvilon_altar_3, uniq_prince_ribbit1, uniq_menkaure
D:6:      layout_loops_cross, yredelemnul_altar_generic
D:7:      layout_loops_ring, xom_teletrap_fun
D:8:      layout_cave_pools, grunt_temple_overflow_open
D:9:      layout_rooms, serial_ice, serial_ice_o, serial_ice_h, serial_ice_n,
          serial_ice_e, serial_ice_k, serial_ice_d, serial_shops, shop_statue,
          uniq_maggie
D:10:     dragon1_lemuel, layout_loops_ring, serial_shops, kennysheep_mini_moat,
          nicolae_trove_entry_crystal, chequers_serial_rivers_micro_b
D:11:     layout_roguey [special_room_bee], grunt_lair_entry_orc_guard_hut,
          orc_0_dummy, gammafunk_ghost_stat_death, kennysheep_small_circle
D:12:     layout_stronghold, enter_bailey_5
D:13:     layout_irregular_city, basic_altar
D:14:     layout_roguey, hangedman_vaults_entry_quadrant_bands,
          nicolae_two_hexagons, st_stairs_4, uniq_louise
Temple:   nicolae_temple_great_sept
Abyss:2:  base: Temple, evilmike_abyss_exit_17, hangedman_abyss_overflow_altar

Skill      XL: |  1  2  3  4  5  6  7  8  9 10 11 12 13 14 15 |
---------------+----------------------------------------------+-----
Armour         | 1 2 3 4 5 6 7 9 10 11 12 | 12.1
Maces & Flails | 4 5 6 7 9 10 12 13 14 | 14.2
Fighting       | 3 4 5 7 8 9 10 11 12 | 12.3
Dodging        | 3 4 5 6 7 8 9 |  9.9
Shields        | 1 3 |  3.6
Stealth        | 2 |  2.0
Spellcasting   | 1 |  1.3
Evocations     | 1 |  1.5
Throwing       | |  1.7

Action                   |  1- 3 |  4- 6 |  7- 9 | 10-12 | 13-15 || total
-------------------------+-------+-------+-------+-------+-------++-------
Melee: Flail             |   113 |   198 |    30 |       |       ||   341
       Dire flail        |       |       |   293 |   932 |       ||  1225
       Morningstar       |       |       |       |    17 |   235 ||   252
Throw: Throwing net      |       |     1 |     2 |     1 |       ||     4
 Abil: Fly               |       |       |       |       |     1 ||     1
Evoke: Wand              |       |       |       |    36 |       ||    36
  Use: Potion            |       |       |     2 |     7 |     3 ||    12
       Scroll            |       |       |     8 |     6 |     3 ||    17
 Stab: Sleeping          |       |     1 |       |       |       ||     1
       Held in net/web   |       |     2 |       |       |       ||     2
       Invisible         |       |       |       |     3 |       ||     3
Armor: Leather armour    |    51 |    92 |     7 |       |       ||   150
       Scale mail        |       |       |   180 |   761 |   162 ||  1103
Dodge: Dodged            |    97 |   145 |   242 |  1094 |   207 ||  1785
Block: Buckler           |       |       |       |     4 |    65 ||    69
